[Event "*** Titled Tuesday 3|2 Blitz"]
[Site "Chess.com"]
[Date "2015.07.07"]
[Round "5"]
[White "Tomsel"]
[Black "FancyPlaySyndrome"]
[Result "0-1"]
[WhiteElo "2294"]
[BlackElo "2290"]
[TimeControl "180+2"]
[EndTime "12:05:40 PDT"]
[Termination "FancyPlaySyndrome won by resignation"]

1. d4 Nf6 2. Bf4 d6 3. e3 g6 4. Nf3 Bg7 5. Be2 O-O 6. c3 Qe8 7.
h3 Nc6 8. O-O e5 9. dxe5 dxe5 10. Bh2 b6 11. Bb5 Bd7 12. Bxc6 Bxc6 13. Nxe5 Bb7 14. Nd2 Rd8 15. Qe2 c5 16. Rfd1 Qe6 17. Ndf3 Ne4 18. Rxd8 Rxd8 19. Rd1 Re8 20. Qc4 Qxc4 21.
Nxc4 Bc6 22. Nfe5 Ba4 23. Rd5 f6 24. Nf3 Bc6 25. Rd1 Kf7 26. Nd6+ Nxd6 27. Rxd6 Rc8 28. b3 Bf8 29. Rd2 Ke6 30. Kf1 Be7 31. Ke2 b5 32. Ne1 f5 33. g4 fxg4 34. hxg4 h5 35. gxh5 gxh5 36. Nd3 h4 37. Nf4+ Kf7 38. Nd3 Be4 39.
f3 Ba8 40. e4 c4 41. bxc4 bxc4 42. Ne5+ Ke6 43. Rd4 Rg8 44. Ng4 Bc6 45. Ke1 h3 46. Rxc4 Bb5 47. Rc7 Rg7 48. c4 Bb4+ 49. Kf2 Rxc7 50.
Bxc7 Bxc4 51. a4 a5 52. f4 Bb3 53. f5+ Kd7 54. Bb6 Bxa4 55. Ne5+ Ke8 56. Nc4 Bb5 57. Nxa5 Bd3 58. Ke3 h2 59. Kxd3 h1=Q 60. Nc6 Qd1+ 61. Kc4 Qc2+ 62. Kd5 Qc1 63. Nxb4 Qd2+ 64. Kc5 Qc3+ 65.
Kb5 Qe5+ 66. Nd5 Kf7 67. Kc4 Qxe4+ 68. Bd4 Qxf5 69. Ne3 Qc8+ 70. Kd3 Ke6 71. Nc4 Qa6 72. Kc3 Kf5 73. Be3 Ke4 74. Bd2 Qf6+ 75. Kc2 Qc6 76. Kb3 Qb5+ 77. Kc3 Kf3 78. Kd4 Qd7+ 79. Kc5 Ke2 80. Ba5 Qe7+ 81. Kb5 Kd3 82. Nb6 Qb7 83. Bb4 Kd4 84. Bc5+ Ke5 85. Kc4 Qe4+ 86. Kb5 Qb1+ 87. Bb4 Ke6 88. Kc5 Qd3 89. Kc6 Ke5 90. Bc5 Ke4 91. Nd7 Qa6+ 92. Nb6 Kd3 93. Kc7 Qb5 94.
Bd6 Ke4 95. Nc8 Kd5 96. Ne7+ Ke6 97. Nc6 Qa6 98. Bb4 Qc4 99. Kb6 Kd5 100. Ne7+ Kd4 101. Nf5+ Ke5 102. Bd6+ Kxf5 103. Bc5 Ke6 104. Kc6 Qc3 105. Kb6 Kd5 106. Bf2 Qb2+ 107. Kc7 Qxf2 108. Kd7 Qa7+ 0-1

[Event "*** Titled Tuesday 3|2 Blitz"]
[Site "Chess.com"]
[Date "2015.07.07"]
[Round "5"]
[White "viditchess"]
[Black "jcibarra"]
[Result "1-0"]
[WhiteElo "2421"]
[BlackElo "2541"]
[TimeControl "180+2"]
[EndTime "12:06:02 PDT"]
[Termination "viditchess won by resignation"]

1. d4 Nf6 2. c4 d6 3. Nf3 g6 4. g3 Bg7 5. Bg2 O-O 6. O-O Nc6 7. Nc3 Bf5 8. d5 Na5 9. Nd2 c6 10. e4 Bg4 11. f3 Bd7 12. dxc6 bxc6 13. f4 Ng4 14. Qe2 Qb6+ 15. Kh1 Qe3 16. Qxe3 Nxe3 17. Rf3 Nexc4 18. Nxc4 Nxc4 19. b3 Nb6 20. Rd3 Rac8 21. Be3 c5 22. Rb1 c4 23. bxc4 Nxc4 24. Bxa7 Na3 25. Rb3 Bxc3 26. Rdxc3 Rxc3 27. Rxc3 Nb5 28. Rb3 Nxa7 29. Rb7 Rc8 30. h4 Rc1+ 31. Kh2 Bg4 32. Rxa7 Rc2 33. Kg1 e5 34. a4 Ra2 35. a5 Ra3 36.
Kf2 Ra2+ 37. Kg1 Be6 38. Ra6 Ra1+ 39. Kf2 Ra2+ 40. Kg1 exf4 41. gxf4 Kg7 42. Ra7 Kh6 43.
Bf3 Bc4 44. Rc7 Be6 45. Ra7 Rb2 46. Ra6 Ra2 47. Ra7 Ra1+ 48. Kf2 Ra3 49. Ra6 Bc4 50.
Rc6 Bb5 51. Rxd6 Rxa5 52. e5 Bc4 53. Rd4 Be6 54. Kg3 Ra3 55. Kf2 Kg7 56. Rb4 Rc3 57. Rd4 Ra3 58. h5 Ra2+ 59. Kg3 Ra3 60. hxg6 hxg6 61.
Kf2 Ra2+ 62. Kg3 Ra3 63. Kf2 Kh6 64. Rd6 g5 65. f5 g4 66. Bxg4 Kg5 67. fxe6 fxe6 68. Rd4 Ra2+ 69. Kg3 Ra3+ 70. Kf2 Ra2+ 71. Kf3 Ra3+ 72. Kg2 Ra2+ 73. Kg3 Ra3+ 74. Bf3 Kf5 75.
Re4 Ra5 76. Re2 Rxe5 77. Bg4+ Kf6 78. Rh2 Ra5 79. Rh6+ Kg7 80. Rxe6 Kf7 81. Rb6 Ra7 82. Kf4 Ke7 83. Bf3 Rc7 84. Ke5 Rc5+ 85. Bd5 Rc7 86. Re6+ Kd7 87. Rh6 Ke7 88. Rh1 Kd7 89. Be6+ Ke7 90.
Rh7+ Kd8 91. Rh8+ Ke7 92. Kd5 Kf6 93. Kd6 Rc1 94. Rf8+ Kg5 95. Bd5 Rc3 96. Bf3 Re3 97. Kd5 Re7 98. Be4 Kg4 99. Bf5+ Kf4 100. Be6+ Ke3 101. Kd6 Ra7 102. Bd5 Kd4 103. Rf4+ Ke3 104. Rh4 Rg7 105. Re4+ Kd3 106. Ra4 Rh7 107. Be4+ 1-0

[Event "*** Titled Tuesday 3|2 Blitz"]
[Site "Chess.com"]
[Date "2015.07.07"]
[Round "6"]
[White "Ginger_GM"]
[Black "matein28"]
[Result "1-0"]
[WhiteElo "2397"]
[BlackElo "2170"]
[TimeControl "180+2"]
[EndTime "12:08:24 PDT"]
[Termination "Ginger_GM won by resignation"]

1. e4 d5 2. Nc3 dxe4 3. Nxe4 c6 4. Bc4 Bf5 5. Ng3 Bg6 6. Nf3 Nd7 7. h4 h6 8. Qe2 Ngf6 9. d4 e6 10. h5 Bh7 11. O-O Be7 12. Ne5 Nb6 13. Nxf7 Kxf7 14. Qxe6+ Ke8 15. Qf7+ Kd7 16. Be6+ 1-0

[Event "*** Titled Tuesday 3|2 Blitz"]
[Site "Chess.com"]
[Date "2015.07.07"]
[Round "6"]
[White "AlexCn1"]
[Black "HansCoolNiemann"]
[Result "0-1"]
[WhiteElo "2044"]
[BlackElo "1972"]
[TimeControl "180+2"]
[EndTime "12:09:48 PDT"]
[Termination "HansCoolNiemann won by checkmate"]

1. d4 Nf6 2. c4 e5 3. dxe5 Ng4 4. Bf4 g5 5. Bg3 Nc6 6. Nf3 Bg7 7. Nbd2 Ngxe5 8. h4 Nxf3+ 9. gxf3 d6 10. hxg5 Qxg5 11.
Qc2 Bf5 12. Qb3 Nd4 13. Qxb7 O-O 14. Kd1 Rab8 15. Qxc7 Rxb2 16. f4 Qf6 17. e3 Bg4+ 18. Kc1 Nb3+ 19. axb3 Qc3# 0-1

[Event "*** Titled Tuesday 3|2 Blitz"]
[Site "Chess.com"]
[Date "2015.07.07"]
[Round "6"]
[White "VSERGUEI"]
[Black "Lupul_Cenusiu"]
[Result "1-0"]
[WhiteElo "2554"]
[BlackElo "2388"]
[TimeControl "180+2"]
[EndTime "12:11:01 PDT"]
[Termination "VSERGUEI won by resignation"]

1. d4 Nf6 2. c4 g6 3. Nc3 Bg7 4. e4 d6 5. Be2 O-O 6. Nf3 Bg4 7. Be3 Nbd7 8. h3 Bxf3 9. Bxf3 e5 10. d5 Qe7 11. g4 Ne8 12. h4 a6 13. h5 c6 14.
Qe2 Nc7 15. g5 c5 16. Bg4 Rfb8 17. Qf3 Nf8 18. a4 b5 19. axb5 axb5 20. Rxa8 Rxa8 21.
cxb5 Rb8 22. Qe2 Qe8 23. h6 Bh8 24. O-O Nxb5 25. Nxb5 Rxb5 26. Ra1 Qb8 27. Ra8 Qxa8 28. Qxb5 Qd8 29. b4 cxb4 30. Qxb4 f6 31. Be6+ Nxe6 32. dxe6 fxg5 33. Qb7 Bf6 34. Qf7+ Kh8 35. Bxg5 1-0

[Event "*** Titled Tuesday 3|2 Blitz"]
[Site "Chess.com"]
[Date "2015.07.07"]
[Round "6"]
[White "BjarkeSahl"]
[Black "AndreyOstrovskiy"]
[Result "0-1"]
[WhiteElo "2111"]
[BlackElo "2353"]
[TimeControl "180+2"]
[EndTime "12:11:40 PDT"]
[Termination "AndreyOstrovskiy won by resignation"]

1. e4 e5 2. Nf3 Nc6 3. d4 exd4 4. Bc4 Nf6 5. e5 d5 6. Bb5 Nd7 7. O-O Be7 8. Nxd4 Nxd4 9. Qxd4 c6 10. Bd3 Nc5 11. Be2 Bf5 12. c3 O-O 13. Kh1 Ne6 14. Qd1 f6 15. exf6 Rxf6 16. Nd2 Bd6 17. Nf3 Be4 18. Be3 Nf4 19. Bxf4 Rxf4 20. Kg1 Qf6 21. Nd4 Rh4 22. g3 Rxh2 23. Kxh2 Qh4+ 0-1

[Event "*** Titled Tuesday 3|2 Blitz"]
[Site "Chess.com"]
[Date "2015.07.07"]
[Round "6"]
[White "Hikaru"]
[Black "MinhGTrAn"]
[Result "1-0"]
[WhiteElo "2842"]
[BlackElo "2589"]
[TimeControl "180+2"]
[EndTime "12:11:45 PDT"]
[Termination "Hikaru won by resignation"]

1. d4 Nf6 2. c4 e6 3. Nf3 b6 4. e3 Bb7 5. Nbd2 c5 6. b3 cxd4 7.
exd4 d5 8. Bb2 Be7 9. Bd3 O-O 10. O-O Nc6 11. Rc1 Rc8 12. Qe2 Re8 13. a3 Bf8 14. Rfd1 Ne7 15. c5 Ng6 16. Bb5 Bc6 17. Bxc6 Rxc6 18. b4 bxc5 19. dxc5 e5 20. Nc4 Rce6 21. Ng5 Rc6 22. Nxe5 Nxe5 23. Bxe5 Qe7 24. Nf3 Re6 25. Bxf6 1-0

[Event "*** Titled Tuesday 3|2 Blitz"]
[Site "Chess.com"]
[Date "2015.07.07"]
[Round "6"]
[White "Tirantes"]
[Black "Tomsel"]
[Result "1-0"]
[WhiteElo "2235"]
[BlackElo "2284"]
[TimeControl "180+2"]
[EndTime "12:12:55 PDT"]
[Termination "Tirantes won on time"]

1. c4 Nf6 2. Nf3 g6 3. g3 Bg7 4. Bg2 O-O 5. d4 d5 6. cxd5 Nxd5 7. Nc3 Nb6 8. O-O Nc6 9. e3 Bg4 10. h3 Be6 11. Ng5 Bd7 12. Qe2 Qc8 13. Kh2 a6 14.
Rd1 e5 15. d5 Ne7 16. b3 h6 17. Nge4 f5 18. Nc5 e4 19. Bb2 Kh7 20. Rac1 Rd8 21. f3 exf3 22. Qxf3 Qb8 23. Ba3 Ng8 24. Ne2 Nf6 25.
Nf4 Re8 26. Nfe6 c6 27. Nxg7 Kxg7 28. Bb2 Qd6 29. Nxd7 1-0

[Event "*** Titled Tuesday 3|2 Blitz"]
[Site "Chess.com"]
[Date "2015.07.07"]
[Round "6"]
[White "geeeeri"]
[Black "Jahonas"]
[Result "0-1"]
[WhiteElo "2295"]
[BlackElo "2113"]
[TimeControl "180+2"]
[EndTime "12:13:13 PDT"]
[Termination "Jahonas won by resignation"]

1. e4 c6 2. d4 d5 3. e5 Bf5 4.
Nc3 e6 5. Be3 Ne7 6. h4 h6 7.
Nge2 Bh7 8. g4 Nd7 9. Nf4 a6 10. Qd2 c5 11. g5 Bf5 12. Bg2 cxd4 13. Bxd4 hxg5 14. hxg5 Rxh1+ 15. Bxh1 Nc6 16. O-O-O Nxd4 17. Qxd4 Bc5 18. Qd2 Qxg5 19. Kb1 O-O-O 20. Na4 Ba7 21. Re1 Kb8 22. Ka1 Rc8 23. Nc3 Nc5 24. Nce2 Ne4 25. Bxe4 Bxe4 26. Rg1 Rxc2 27. Qa5 Qxg1+ 0-1

[Event "*** Titled Tuesday 3|2 Blitz"]
[Site "Chess.com"]
[Date "2015.07.07"]
[Round "6"]
[White "jbj"]
[Black "Viaje"]
[Result "1-0"]
[WhiteElo "2272"]
[BlackElo "2218"]
[TimeControl "180+2"]
[EndTime "12:13:27 PDT"]
[Termination "jbj won by resignation"]

1. e4 c5 2. d4 cxd4 3. c3 dxc3 4. Nxc3 e6 5. Nf3 a6 6. Bc4 Nc6 7. O-O Nge7 8. Bg5 f6 9. Be3 Ng6 10. Bb3 Be7 11. Na4 Qa5 12. Nb6 Rb8 13. Nd5 exd5 14. exd5 Nce5 15. Nxe5 Nxe5 16. d6 Bd8 17. f4 Bb6 18.
Bxb6 Qxb6+ 19. Kh1 Nc6 20. Re1+ Kd8 21. Qg4 g6 22.
Qh4 Qd4 23. Rad1 Qxb2 24. Re5 Rf8 25. Qh6 Re8 26. Rxe8+ Kxe8 27. Re1+ Ne5 28. fxe5 Qc3 29. Rd1 Qxe5 30. Qxh7 Kd8 31. Qh8+ 1-0

[Event "*** Titled Tuesday 3|2 Blitz"]
[Site "Chess.com"]
[Date "2015.07.07"]
[Round "6"]
[White "WanderingPuppet"]
[Black "kharposh"]
[Result "1-0"]
[WhiteElo "2194"]
[BlackElo "2158"]
[TimeControl "180+2"]
[EndTime "12:13:45 PDT"]
[Termination "WanderingPuppet won by resignation"]

1. e4 c5 2. Nf3 d6 3. d4 cxd4 4. Nxd4 Nf6 5. Nc3 a6 6. Be3 e5 7. Nb3 Be6 8. h3 Nc6 9. Qd2 d5 10. exd5 Nxd5 11. Nxd5 Qxd5 12. Qxd5 Bxd5 13. O-O-O O-O-O 14. c4 Be4 15. Rxd8+ Kxd8 16. f3 Bg6 17. Be2 Nb4 18.
a3 Nc6 19. Bb6+ Kc8 20. Rd1 Be7 21. Bd3 Bg5+ 22. Kc2 f5 23. Nc5 e4 24. fxe4 Nd4+ 25. Kb1 fxe4 26. Bxe4 Nc6 27. Bxg6 hxg6 28. Rd7 Bf4 29.
Rxb7 Re8 30. Rxg7 Re1+ 31. Ka2 g5 32. Rg8+ 1-0

[Event "*** Titled Tuesday 3|2 Blitz"]
[Site "Chess.com"]
[Date "2015.07.07"]
[Round "6"]
[White "alturas_pacificas"]
[Black "ChessWarrior7197"]
[Result "1/2-1/2"]
[WhiteElo "2083"]
[BlackElo "2317"]
[TimeControl "180+2"]
[EndTime "12:14:08 PDT"]
[Termination "Game drawn by repetition"]

1. d4 Nf6 2. Bf4 e6 3. e3 d5 4. Nd2 c5 5. c3 Nc6 6. Ngf3 Be7 7. Bd3 O-O 8. Ne5 Nxe5 9. dxe5 Nd7 10. Qh5 g6 11.
Qf3 Re8 12. h4 Bf8 13. h5 Bg7 14. hxg6 hxg6 15. Qg3 Qb6 16. O-O-O a5 17. Nf3 a4 18.
Bxg6 a3 19. b3 Qa5 20. Bc2 Nf8 21. Bh6 Ng6 22. Bxg7 Kxg7 23. Qg5 Qxc3 24. Qf6+ Kg8 25. Rh6 d4 26. Rxg6+ fxg6 27. Qxg6+ Kf8 28. Qf6+ Kg8 29. Rh1 Qa1+ 30. Bb1 Qb2+ 31. Kd1 Qxb1+ 32. Ke2 Qxh1 33. Qg6+ Kf8 34. Qf6+ Kg8 35. Qg6+ Kf8 36. Qf6+ Kg8 37. Qg6+ Kf8 38. Qf6+ Kg8 1/2-1/2

[Event "*** Titled Tuesday 3|2 Blitz"]
[Site "Chess.com"]
[Date "2015.07.07"]
[Round "6"]
[White "KyronGriffith"]
[Black "patzerplay"]
[Result "1-0"]
[WhiteElo "2266"]
[BlackElo "2186"]
[TimeControl "180+2"]
[EndTime "12:14:17 PDT"]
[Termination "KyronGriffith won on time"]

1. e4 c6 2. d4 d6 3. Nc3 Qc7 4. f4 Nd7 5. e5 dxe5 6. dxe5 h5 7. Bc4 e6 8. Nf3 Nb6 9. Bb3 Ne7 10. Ne4 Nf5 11. Qe2 a5 12. a3 Nd5 13. Bd2 b6 14. c4 Ba6 15. O-O Qa7 16. Kh1 Rd8 17. Qf2 Nc7 18.
Rfd1 Be7 19. Bxa5 c5 20. Ba4+ Kf8 21. Bc3 Bxc4 22. Bc2 Nd5 23. Nfg5 h4 24. Bd2 Ba6 25. b4 c4 26. a4 Bb7 27. a5 Qb8 28. axb6 Qc8 29.
Ra7 Qc6 30. Ba4 Qc8 31. Nc5 Bc6 32. b7 Qb8 33. Bxc6 Qxa7 34. Ncxe6+ fxe6 35. Nxe6+ Kf7 36. Nxd8+ Rxd8 37. Bxd5+ Rxd5 38. Qxa7 c3 39. b8=Q c2 40. e6+ 1-0

[Event "*** Titled Tuesday 3|2 Blitz"]
[Site "Chess.com"]
[Date "2015.07.07"]
[Round "6"]
[White "stepanosinovsky"]
[Black "Cruel_Yaro"]
[Result "0-1"]
[WhiteElo "2292"]
[BlackElo "2488"]
[TimeControl "180+2"]
[EndTime "12:14:52 PDT"]
[Termination "Cruel_Yaro won on time"]

1. g3 f5 2. Bg2 Nf6 3. d3 g6 4. Nd2 Bg7 5. e4 fxe4 6. dxe4 d6 7. Ngf3 e5 8. O-O O-O 9. c3 Nc6 10. Qe2 h6 11. h3 Be6 12. a4 g5 13. Nc4 Qd7 14. Kh2 g4 15. Ng1 gxh3 16. Bxh3 Ng4+ 17. Kg2 d5 18. Ne3 Nxe3+ 19. Bxe3 Bxh3+ 20. Nxh3 d4 21. Bd2 d3 22. Qh5 Qf7 23. Qxf7+ Rxf7 24. a5 Rd8 25. f4 b6 26. axb6 cxb6 27. f5 Na5 28. g4 Nc4 29. Rf2 Bf8 30. b3 Nxd2 31. Rxd2 Rc7 32. c4 Bb4 33. Rdd1 b5 34. Nf2 bxc4 35. bxc4 d2 36. Ra6 Rxc4 37. Rxa7 Rc1 38. Ra6 Bc5 0-1

[Event "*** Titled Tuesday 3|2 Blitz"]
[Site "Chess.com"]
[Date "2015.07.07"]
[Round "6"]
[White "LuckyTiger"]
[Black "pedromartinez91"]
[Result "1-0"]
[WhiteElo "2444"]
[BlackElo "2164"]
[TimeControl "180+2"]
[EndTime "12:15:01 PDT"]
[Termination "LuckyTiger won by resignation"]

1. e4 c5 2. c3 Nf6 3. e5 Nd5 4.
Nf3 Nc6 5. d4 cxd4 6. Bc4 Nb6 7.
Bb3 d5 8. exd6 Qxd6 9. O-O Be6 10. Na3 Bxb3 11. axb3 a6 12. Re1 e6 13. cxd4 Be7 14. Nc4 Qd8 15. Nfe5 O-O 16. Nxb6 Qxb6 17. Nd7 Qxd4 18.
Nxf8 Rxf8 19. Be3 Qxb2 20. Qd7 Qxb3 21. Rab1 Qd5 22. Qxd5 exd5 23. Rxb7 d4 24. Bxd4 Bb4 25. Rb1 a5 26. Be3 h6 27. Rd1 Nd8 28. Ra7 Ne6 29. Bb6 Rb8 30. Bxa5 Bxa5 31. Rxa5 Rb7 32. Rad5 Rb2 33. R5d2 Rb5 34. h4 Kh7 35. g3 h5 36. Kg2 Kg6 37. Rd5 Rb2 38. R1d2 Rb1 39.
Ra2 Rb8 40. Raa5 Rh8 41. f4 Kf6 42. Rxh5 Rc8 43. Rhf5+ Kg6 44. Rfd5 Rc2+ 45. Kf3 f5 46. Ra6 Kf6 47. Rdd6 Rc3+ 48. Kf2 Rc2+ 49. Ke1 1-0

[Event "*** Titled Tuesday 3|2 Blitz"]
[Site "Chess.com"]
[Date "2015.07.07"]
[Round "6"]
[White "FMchesskid"]
[Black "Bab3s"]
[Result "0-1"]
[WhiteElo "1895"]
[BlackElo "2159"]
[TimeControl "180+2"]
[EndTime "12:15:20 PDT"]
[Termination "Bab3s won by resignation"]

1. d4 Nf6 2. c4 e6 3. Nf3 b6 4. a3 Bb7 5. Nc3 d5 6. cxd5 Nxd5 7.
Qc2 Be7 8. Bd2 O-O 9. e4 Nxc3 10. Bxc3 c5 11. Be2 cxd4 12. Nxd4 Nc6 13. Nxc6 Bxc6 14. O-O Rc8 15. Rfd1 Qc7 16. Rac1 Qb7 17. f3 Rfd8 18.
Rxd8+ Rxd8 19. b4 Be8 20. Bb2 Bg5 21. Rd1 Rc8 22. Qd3 h6 23. Be5 Ba4 24. Rf1 Rd8 25. Qc3 f6 26. Bg3 Rd2 27. Bc4 Qd7 28. h4 Rc2 29.
Qe1 Rxc4 30. hxg5 hxg5 31. f4 g4 32. Qe2 Qd4+ 33. Kh2 Qxe4 34. Qxg4 Bc6 35. Rf2 Qh7+ 36. Qh3 Rc3 37. Qxh7+ Kxh7 38. Re2 Bd5 39. a4 Rb3 40. Be1 Ra3 41. a5 bxa5 42. bxa5 Kg6 43. g3 Kf5 44.
Kg1 Kg4 45. Kf2 Rxg3 46. Rc2 Rg2+ 47. Ke3 0-1

[Event "*** Titled Tuesday 3|2 Blitz"]
[Site "Chess.com"]
[Date "2015.07.07"]
[Round "6"]
[White "GMHess"]
[Black "lexiel"]
[Result "0-1"]
[WhiteElo "2530"]
[BlackElo "2239"]
[TimeControl "180+2"]
[EndTime "12:15:26 PDT"]
[Termination "lexiel won by resignation"]

1. b3 a5 2. Bb2 a4 3. Nf3 e6 4. e3 Nf6 5. c4 b6 6. bxa4 Bb7 7. Be2 Be7 8. O-O O-O 9. Nc3 Ne4 10. Nxe4 Bxe4 11. Nd4 Bb7 12. Bc3 Nc6 13. Nxc6 Bxc6 14.
a5 bxa5 15. Rb1 Bb4 16. Ba1 Qg5 17. f3 Rab8 18. Qc2 h5 19. Rf2 h4 20. f4 Qh6 21. Bf3 Bxf3 22. Rxf3 Qh5 23. Rbf1 f5 24.
Rh3 Qg4 25. Rff3 Rf7 26. Qb1 c6 27. Qe1 Be7 28. Bc3 a4 29. Rf1 a3 30. Qd1 Rff8 31. Qa4 Qe2 32. Qa7 Qd3 33. e4 Qxe4 34. Qxd7 Bc5+ 35.
Kh1 Rf7 36. Qd3 Rfb7 37. Qxe4 fxe4 38. g3 Rb1 39. Kg2 Rxf1 40. Kxf1 Rb2 41. Rxh4 Rxa2 42. Rg4 Bf8 43. Ke2 Rc2 44. Rg5 c5 45. Be5 a2 46. f5 exf5 47. Rxf5 Rc1 48. Rf4 Bd6 49. Bxd6 0-1

[Event "*** Titled Tuesday 3|2 Blitz"]
[Site "Chess.com"]
[Date "2015.07.07"]
[Round "6"]
[White "PauloCesarCosta"]
[Black "Carolina-moon"]
[Result "1-0"]
[WhiteElo "2018"]
[BlackElo "1988"]
[TimeControl "180+2"]
[EndTime "12:15:39 PDT"]
[Termination "PauloCesarCosta won by resignation"]

1. Nf3 f5 2. d3 d5 3. g3 Nf6 4. Bg2 Nc6 5. O-O e5 6. Bg5 Be7 7. Nbd2 O-O 8. c3 e4 9. Ne1 h6 10. Bxf6 Bxf6 11. Nc2 Be6 12. d4 Bf7 13. e3 Qe8 14. Na3 Ne7 15. Re1 c6 16. c4 Bh5 17.
Qb3 Rb8 18. cxd5 Nxd5 19. Nab1 Kh8 20. Nc3 Bf7 21. Nxd5 Bxd5 22. Qc2 Qh5 23. Qd1 Qf7 24. b3 b5 25. Rc1 a6 26. Nb1 Rbc8 27. Nc3 Be7 28.
Nxd5 Qxd5 29. Re2 Rfd8 30. Qe1 c5 31. dxc5 Rxc5 32. Rec2 Rxc2 33. Rxc2 Qd3 34. Rc1 Ba3 35. Ra1 Bb2 36. Rb1 Qc2 37. Bh3 Bc1 38. Rxc1 Qxa2 39. Bxf5 Qxb3 40. Bxe4 Qb2 41. Rd1 Rc8 42. Qd2 Qxd2 43.
Rxd2 b4 44. Ra2 b3 45. Rxa6 b2 46. Rb6 Rc1+ 47. Kg2 1-0

[Event "*** Titled Tuesday 3|2 Blitz"]
[Site "Chess.com"]
[Date "2015.07.07"]
[Round "6"]
[White "goldaxe"]
[Black "alexsuper1987"]
[Result "0-1"]
[WhiteElo "2143"]
[BlackElo "2057"]
[TimeControl "180+2"]
[EndTime "12:15:44 PDT"]
[Termination "alexsuper1987 won by checkmate"]

1. e4 Nc6 2. Nf3 f5 3. exf5 d5 4. d4 Bxf5 5. Bd3 Bg4 6. h3 Bxf3 7. Qxf3 Nf6 8. c3 e5 9. dxe5 Nxe5 10. Qe2 Qe7 11.
Bc2 Nc4 12. Qxe7+ Bxe7 13. Nd2 Nxd2 14. Bxd2 O-O 15. O-O-O Bc5 16. f3 Bf2 17. Bf4 c6 18. Rhf1 Bc5 19. Rfe1 Rae8 20. Be5 Nd7 21. Bg3 Be3+ 22.
Kb1 Nf6 23. Re2 Bc5 24. Rde1 Rxe2 25. Rxe2 Kf7 26. Kc1 Re8 27. Rxe8 Kxe8 28. Kd2 Ke7 29. Bh4 g6 30. g4 Ke6 31. Bg3 Bd6 32. Bxd6 Kxd6 33.
Ke3 c5 34. Kf4 Ke6 35. Kg5 b5 36. h4 b4 37. h5 gxh5 38. gxh5 a5 39. Kh6 Ke5 40.
Bxh7 Nxh7 41. Kxh7 Kf6 42. f4 Kf7 43. Kh6 d4 44. cxd4 cxd4 45. Kg5 d3 46. h6 d2 47. h7 Kg7 48. f5 d1=Q 49. f6+ Kxh7 50. f7 Kg7 51. f8=Q+ Kxf8 52. b3 Qf3 53. a4 bxa3 54. b4 a2 55. b5 a1=Q 56. b6 Qaf6# 0-1

[Event "*** Titled Tuesday 3|2 Blitz"]
[Site "Chess.com"]
[Date "2015.07.07"]
[Round "6"]
[White "FancyPlaySyndrome"]
[Black "Imre91"]
[Result "1/2-1/2"]
[WhiteElo "2309"]
[BlackElo "2586"]
[TimeControl "180+2"]
[EndTime "12:15:45 PDT"]
[Termination "Game drawn by repetition"]

1. e4 g6 2. d4 Bg7 3. Nc3 d6 4. h4 Nf6 5. f3 h5 6. Be3 a6 7. Bc4 b5 8. Bb3 Nc6 9. Nh3 Bxh3 10. Rxh3 Na5 11. Qd2 Qd7 12. Rh1 Nxb3 13. axb3 c6 14.
b4 O-O 15. Nd1 Rfe8 16. Nf2 e5 17. dxe5 Rxe5 18. Bf4 Re6 19. Nd3 Qe8 20. Kf2 Rxe4 21. Bxd6 Re6 22. Bc5 Nd5 23. Rhe1 Kh7 24. g3 Bh6 25.
Rxe6 Qxe6 26. Qe2 Qh3 27. Rg1 Bg7 28. Qf1 Qf5 29. Qe2 a5 30. Ra1 a4 31. Kg2 Rd8 32. Re1 Rg8 33. Qe4 Qd7 34. Ne5 Qe6 35. Nd3 Qxe4 36.
Rxe4 Rd8 37. f4 Kg8 38. Kf3 Rc8 39. Ne5 f5 40. Re1 Bxe5 41. Rxe5 Kf7 42. Re1 Re8 43. Ra1 Re4 44. c3 Re8 45. Bd4 Ra8 46. Ke2 Ke6 47. Kd3 Kd7 48. Kc2 Kd6 49. Re1 Kd7 50. Ra1 Nc7 51.
Be5 Nd5 52. Bd4 1/2-1/2

[Event "*** Titled Tuesday 3|2 Blitz"]
[Site "Chess.com"]
[Date "2015.07.07"]
[Round "6"]
[White "TheLancer"]
[Black "jcibarra"]
[Result "1-0"]
[WhiteElo "2297"]
[BlackElo "2522"]
[TimeControl "180+2"]
[EndTime "12:16:07 PDT"]
[Termination "TheLancer won by resignation"]

1. e4 c5 2. Nc3 e6 3. f4 a6 4.
a4 Nc6 5. Nf3 d5 6. d3 g6 7. g3 Bg7 8. Bg2 Nge7 9. O-O O-O 10. h3 f5 11. exd5 exd5 12. Bd2 d4 13. Nb1 Nd5 14. Na3 Re8 15. Nc4 Be6 16. Ng5 Ne3 17.
Nxe6 Rxe6 18. Bxe3 dxe3 19. Qf3 Nd4 20. Qxb7 Rb8 21.
Qd5 e2 22. Rfe1 Qe7 23. Rac1 Rd8 24. Qb7 Rd7 25. Qa8+ Rd8 26. Qb7 Rd7 27. Qa8+ Bf8 28. Bd5 Kg7 29. Bxe6 Qxe6 30. c3 Nb3 31. Rc2 Rxd3 32.
Rcxe2 Qxc4 33. Re7+ Kg8 34. Re8 Qf7 35. Rxf8+ Qxf8 36. Re8 Qxe8 37. Qxe8+ Kg7 38. Qe7+ Kh6 39. Qf8+ Kh5 40. Qf7 h6 41. Qxb3 Rxg3+ 42. Kh2 Kh4 43. Qe6 Rxh3+ 44. Kg2 Rg3+ 45. Kf2 Rg4 46. Qxa6 Rxf4+ 47. Ke3 Rg4 48. a5 Kg3 49. Qd6+ f4+ 50. Ke4 Kg2 51.
Qd2+ Kh3 52. Qd3+ Rg3 53. Qf1+ Kh2 54. Qxf4 g5 55. Qf2+ Kh3 56. Qf1+ Kh2 57. a6 Rg4+ 58. Ke3 Ra4 59. Qf2+ Kh3 60. Qf3+ Kh4 61. Qf2+ Kh3 62. Qf6 g4 63. Qxh6+ Kg2 64. Qc6+ 1-0

[Event "*** Titled Tuesday 3|2 Blitz"]
[Site "Chess.com"]
[Date "2015.07.07"]
[Round "6"]
[White "MFBerna"]
[Black "Danirod"]
[Result "1/2-1/2"]
[WhiteElo "2123"]
[BlackElo "2397"]
[TimeControl "180+2"]
[EndTime "12:16:18 PDT"]
[Termination "Game drawn by agreement"]

1. e4 c5 2. Nf3 g6 3. d4 cxd4 4. Nxd4 Bg7 5. Nc3 Nc6 6. Be3 Nf6 7. Be2 O-O 8. Nb3 d6 9. O-O Be6 10. f4 Na5 11. Qd2 Nc4 12. Bxc4 Bxc4 13. Rfd1 a6 14. a4 Rc8 15. h3 Qc7 16. Qf2 Qc6 17. Na5 Qd7 18.
e5 Ne8 19. Ne4 Qf5 20. Ng3 Qe6 21. Nxb7 dxe5 22. f5 Qc6 23. Na5 Qa8 24. b3 Bd5 25. c4 Be4 26. c5 Nf6 27. Rac1 Bc6 28. Bg5 Rfe8 29. Nc4 Nd5 30. Rxd5 Bxd5 31. Nb6 Qc6 32. Nxc8 Qxc8 33. b4 Qc6 34. b5 axb5 35. axb5 Qxb5 36. Qe3 Qc6 37. Qf2 e4 38. Be3 Be5 39. Ne2 Qf6 40.
Nd4 Rc8 41. fxg6 Qxf2+ 42. Kxf2 hxg6 43. c6 Bxd4 44. Bxd4 Rxc6 45. Rxc6 Bxc6 46. Ke3 f6 47. g3 Kf7 48. h4 Ke6 49. Kf4 Kd5 50. Ke3 e5 51.
Bb6 Ke6 52. Bd8 Kf5 53. Be7 Bd7 54. Bd8 Ba4 55. Be7 Bd1 56. Bd8 Bf3 57. Be7 Ke6 58. Bd8 Bg4 59. Kf2 Kf5 60. Ke3 g5 61. hxg5 Kxg5 62.
Be7 Bf3 63. Bd8 Kg6 64. Be7 f5 65. Bd8 Kh5 66. Bf6 f4+ 67. gxf4 exf4+ 68. Kxf4 Kg6 69.
Bd4 Kf7 1/2-1/2

[Event "*** Titled Tuesday 3|2 Blitz"]
[Site "Chess.com"]
[Date "2015.07.07"]
[Round "6"]
[White "nijat_a"]
[Black "zmaj23"]
[Result "1/2-1/2"]
[WhiteElo "2631"]
[BlackElo "2460"]
[TimeControl "180+2"]
[EndTime "12:16:30 PDT"]
[Termination "Game drawn - insufficient material"]

1. d4 Nf6 2. c4 e6 3. Nc3 Bb4 4. Qc2 Nc6 5. Nf3 d6 6. e3 O-O 7. Bd3 e5 8. O-O Bxc3 9. bxc3 Re8 10. Nd2 Ne7 11. Ba3 Ng6 12. c5 dxc5 13. Bxc5 b6 14. Ba3 Bb7 15. Rad1 Qd7 16. Rfe1 Qg4 17. f3 Qg5 18.
Bxg6 hxg6 19. e4 Rad8 20. Nc4 Nd7 21. d5 f5 22. Qa4 a6 23. d6 b5 24. Qb3 c5 25.
Nxe5+ c4 26. Nxc4 bxc4 27. Qxb7 Ne5 28. exf5 Nd3 29. Re7 gxf5 30. Qd5+ Kh7 31. Qxc4 Nf4 32. g3 Rxe7 33. Qxf4 Qxf4 34. gxf4 Re2 35. d7 a5 36. Bc5 Re6 37. Rd5 Kg6 38. Kf2 Kf6 39. Bd4+ Kg6 40. Bc5 Kf6 41. c4 Rc6 42. Bd4+ Ke6 43.
Re5+ Kxd7 44. Rxa5 Rxc4 45. Bxg7 Rc2+ 46. Ke3 Re8+ 47. Be5 Rxh2 48. a4 Ra2 49. Kd4 Kc6 50.
Rc5+ Kb7 51. a5 Ka6 52. Bc7 Rc8 53. Ke5 Kb7 54. Bb6 Rxc5+ 55. Bxc5 Rxa5 56. Kd6 Kc8 57. Bd4 Ra3 58. Ke6 Rxf3 59. Kxf5 Rxf4+ 60. Kxf4 1/2-1/2